 Dungeon Crawl Stone Soup version 0.27-a0-920-gb2bd10914a (webtiles) character file.

Game seed: 12652722944128857346

259 harryhousin the Covert (level 6, 0/53 HPs)
             Began as a Gnoll Delver on Apr 9, 2021.
             Was a Follower of the Shining One.
             Slain by an orc priest
             ... wielding a +0 hand axe
              (2 damage)
             ... on level 3 of the Dungeon.
             The game lasted 00:09:07 (3178 turns).

harryhousin the Covert (Gnoll Delver)               Turns: 3178, Time: 00:09:12

Health: 0/53       AC:  4    Str: 13    XL:     6   Next: 17%
Magic:  8/8        EV: 17    Int:  9    God:    the Shining One [*.....]
Gold:   41         SH:  0    Dex: 14    Spells: 8/8 levels left

rFire    + . .     SeeInvis .   a - +0 spear
rCold    . . .     Faith    .   (no shield)
rNeg     . . .     Spirit   .   b - +0 leather armour
rPois    .         Reflect  .   (no helmet)
rElec    .         Harm     .   (no cloak)
rCorr    .         Rampage  .   i - +0 pair of gloves
Will     .....                  (no boots)
Stlth    ++........             j - amulet of the acrobat
HPRegen  0.17/turn              h - ring of protection from fire
MPRegen  0.11/turn              l - +4 ring of evasion

@: attractive, glowing
A: fangs 1, strong nose, distributed training
a: Renounce Religion


You were on level 3 of the Dungeon.
You worshipped the Shining One.
The Shining One was aware of your devotion.
You visited 1 branch of the dungeon, and saw 5 of its levels.

You collected 67 gold pieces.
You spent 26 gold pieces at shops.

Inventory:

Hand Weapons
 a - a +0 spear (weapon)
Armour
 b - a +0 leather armour (worn)
 i - a +0 pair of gloves (worn)
Jewellery
 h - a ring of protection from fire (left hand)
 j - an amulet of the acrobat (around neck)
 l - a +4 ring of evasion (right hand)
 t - a ring of poison resistance
 u - a ring of willpower
Wands
 g - a wand of digging (3)
Scrolls
 c - 2 scrolls of fog
 d - a scroll of magic mapping
 e - a scroll of fear
 k - 6 scrolls of identify
 m - a scroll of noise {unknown}
 n - a scroll of amnesia {unknown}
 q - 3 scrolls of teleportation {unknown}
 s - a scroll of enchant weapon {unknown}
Potions
 f - a potion of haste
 o - a potion of lignification {unknown}
 p - a potion of ambrosia {unknown}
 r - 2 potions of curing
 v - a potion of mutation {unknown}
 w - 2 potions of attraction


   Skills:
 + Level 6.8 Fighting
 + Level 1.8 Short Blades
 + Level 1.8 Long Blades
 + Level 1.8 Axes
 + Level 1.8 Maces & Flails
 + Level 4.9 Polearms
 + Level 1.8 Staves
 + Level 1.8 Slings
 + Level 1.8 Bows
 + Level 1.8 Crossbows
 + Level 1.8 Throwing
 + Level 1.8 Armour
 + Level 4.9 Dodging
 + Level 9.7 Stealth
 + Level 1.8 Shields
 + Level 1.8 Unarmed Combat
 + Level 1.8 Spellcasting
 + Level 1.4 Conjurations
 + Level 1.4 Hexes
 + Level 1.4 Summonings
 + Level 1.4 Necromancy
 + Level 1.4 Translocations
 + Level 1.4 Transmutations
 + Level 1.4 Fire Magic
 + Level 1.4 Ice Magic
 + Level 1.4 Air Magic
 + Level 1.4 Earth Magic
 + Level 1.4 Poison Magic
 + Level 2.0 Invocations
 + Level 1.8 Evocations


You had 8 spell levels left.
You didn't know any spells.
Your spell library was empty.

Dungeon Overview and Level Annotations

Branches:
Dungeon (5/15)
 Temple: D:4-7

Altars:
Gozag
The Shining One

Shops:
D:3 ?


Innate Abilities, Weirdness & Mutations

You have very sharp teeth.
Your uncanny sense of smell can sniff out nearby items.
Your experience applies equally to all skills.


Message History

The orc priest is heavily wounded.
The orc priest misses you.
You hit the orc priest. You bite the orc priest.
The orc priest is almost dead.
The orc priest hits you but does no damage.
The orc wizard hits you with a +0 dagger.
The orc hits you with a +0 hand axe. The orc priest barely misses you.
The orc hits you but does no damage.
You are too injured to fight recklessly!
You are too injured to fight recklessly!
You are too injured to fight recklessly!
You are too injured to fight recklessly!
You are too injured to fight recklessly!
You barely miss the orc priest.
The orc priest is almost dead.
The orc priest hits you with a +0 hand axe.
The orc wizard hits you with a +0 dagger.
The orc hits you with a +0 hand axe!
* * * LOW HITPOINT WARNING * * *
The orc priest misses you. The orc hits you with a +0 hand axe.
* * * LOW HITPOINT WARNING * * *
It was a potion of attraction.
You feel attractive to monsters.
The orc priest hits you with a +0 hand axe.
* * * LOW HITPOINT WARNING * * *
The orc wizard closely misses you. The orc misses you.
The orc priest misses you. The orc closely misses you.
You hit the orc priest but do no damage.
The orc priest is almost dead.
The orc priest closely misses you. The orc wizard casts a spell at you.
The puff of flame misses you. The orc barely misses you.
The orc priest barely misses you.
You hit the orc priest but do no damage.
The orc priest is almost dead.
The orc misses you.
The orc wizard hits you with a +0 dagger.
* * * LOW HITPOINT WARNING * * *
The orc priest hits you with a +0 hand axe.
You die...

.......# ..# ∆ ##.#.
.......##.###$⌠$## .....
....>.....##.....## ∆ ....
..........#.......#..# #### #..
..........#.......#..# #...##..
.###......#.......#..# #.#.#<..
.###..#...#.......#..# #...∩.∩.
......#...#....ooo#..# #.......
##.#......#....o@o#..# #...∩.∩.
..........#.......#..# ###.......
#.....##.............###.........
#..#.... ................#####'##
#..##### ###############........#
....# #.###.##.# ....# #...#.##..
..†.###### ########.#.....
.#.......# #...# #.#####.


You could see 2 orc priests, an orc wizard (invisible) and 2 orcs.

Vanquished Creatures
  A phantom (D:5)
  A centaur skeleton (D:5)
  A hound (D:5)
  An orc wizard (D:2)
  3 adders
  2 worms
  7 orcs
  4 ball pythons
  4 endoplasms (D:1)
  A giant cockroach (D:3)
  2 goblins (D:2)
  7 hobgoblins
  7 jackals
  7 bats
  A frilled lizard (D:1)
  11 kobolds
  4 rats
64 creatures vanquished.

Notes
Turn   | Place    | Note
-------+----------+-------------------------------------------
     0 | D:5      | Reached skill level 9 in Stealth
     0 | D:5      | harryhousin the Gnoll Delver began the quest for the Orb.
     0 | D:5      | Reached XP level 1. HP: 23/23 MP: 1/1
     9 | D:5      | Found a glowing golden altar of the Shining One.
    13 | D:5      | Became a worshipper of the Shining One
    22 | D:5      | Found an opulent altar of Gozag.
    66 | D:5      | Reached XP level 2. HP: 22/29 MP: 2/2
    66 | D:5      | Reached XP level 3. HP: 26/35 MP: 3/3
   190 | D:5      | Reached skill level 1 in Short Blades
   190 | D:5      | Reached skill level 1 in Long Blades
   190 | D:5      | Reached skill level 1 in Axes
   190 | D:5      | Reached skill level 1 in Maces & Flails
   190 | D:5      | Reached skill level 1 in Staves
   190 | D:5      | Reached skill level 1 in Slings
   190 | D:5      | Reached skill level 1 in Bows
   190 | D:5      | Reached skill level 1 in Crossbows
   190 | D:5      | Reached skill level 1 in Throwing
   190 | D:5      | Reached skill level 1 in Armour
   190 | D:5      | Reached skill level 1 in Shields
   190 | D:5      | Reached skill level 1 in Unarmed Combat
   190 | D:5      | Reached skill level 1 in Spellcasting
   190 | D:5      | Reached skill level 1 in Invocations
   190 | D:5      | Reached skill level 1 in Evocations
   349 | D:5      | Noticed a phantom
   374 | D:5      | Killed a phantom
   375 | D:5      | Reached skill level 1 in Conjurations
   375 | D:5      | Reached skill level 1 in Hexes
   375 | D:5      | Reached skill level 1 in Summonings
   375 | D:5      | Reached skill level 1 in Necromancy
   375 | D:5      | Reached skill level 1 in Translocations
   375 | D:5      | Reached skill level 1 in Transmutations
   375 | D:5      | Reached skill level 1 in Fire Magic
   375 | D:5      | Reached skill level 1 in Ice Magic
   375 | D:5      | Reached skill level 1 in Air Magic
   375 | D:5      | Reached skill level 1 in Earth Magic
   375 | D:5      | Reached skill level 1 in Poison Magic
   375 | D:5      | Reached XP level 4. HP: 3/41 MP: 4/6
   375 | D:5      | Reached XP level 5. HP: 4/47 MP: 4/7
  1383 | D:3      | Found Faisipi's Magic Scroll Shoppe.
  1387 | D:3      | Bought a scroll of identify for 26 gold pieces
  2073 | D:1      | Found a faded altar of an unknown god.
  2522 | D:2      | Reached XP level 6. HP: 52/53 MP: 8/8
  2530 | D:2      | Reached * piety under the Shining One
  3178 | D:3      | HP: 2/53 [orc wizard/+0 dagger (1)]
  3178 | D:3      | Slain by an orc priest

Illustrated notes

Levels and vault maps discovered:
D:1:      lightli_arrival_noodles, layout_basic,
          hellmonk_ecumenical_altar_blasted
D:2:      layout_rooms
D:3:      cheibrodos_pilgrimage, layout_basic, serial_shops,
          nicolae_shop_competitors_out_of_business, kennysheep_pointless_box
D:4:      layout_loops_ring, minmay_misc_feat_rows, minmay_misc_feat_plants,
          kennysheep_generic_room_15
D:5:      layout_basic, amethyst_overflow_temple_binary

Skill      XL: |  1  2  3  4  5  6 |
---------------+-------------------+-----
Stealth        | |  9.7
Short Blades   | 1 |  1.8
Long Blades    | 1 |  1.8
Axes           | 1 |  1.8
Maces & Flails | 1 |  1.8
Staves         | 1 |  1.8
Slings         | 1 |  1.8
Bows           | 1 |  1.8
Crossbows      | 1 |  1.8
Throwing       | 1 |  1.8
Armour         | 1 |  1.8
Shields        | 1 |  1.8
Unarmed Combat | 1 |  1.8
Spellcasting   | 1 |  1.8
Invocations    | 1 2 |  2.0
Evocations     | 1 |  1.8
Conjurations   | 1 |  1.4
Hexes          | 1 |  1.4
Summonings     | 1 |  1.4
Necromancy     | 1 |  1.4
Translocations | 1 |  1.4
Transmutations | 1 |  1.4
Fire Magic     | 1 |  1.4
Ice Magic      | 1 |  1.4
Air Magic      | 1 |  1.4
Earth Magic    | 1 |  1.4
Poison Magic   | 1 |  1.4
Fighting       | |  6.8
Polearms       | |  4.9
Dodging        | |  4.9

Action                   |  1- 3 |  4- 6 || total
-------------------------+-------+-------++-------
Melee: Spear             |    48 |   249 ||   297
       Bite              |     4 |    20 ||    24
       Punch             |     1 |     1 ||     2
  Use: Potion            |       |     1 ||     1
Armor: Leather armour    |    11 |    31 ||    42
Dodge: Dodged            |    32 |   199 ||   231

Table legend: (Time is in decaauts)
 A = Elapsed time spent in this place.
 B = Non-inter-level travel time spent in this place.
 C = Inter-level travel time spent in this place.
 D = Time resting spent in this place.
 E = Time spent auto-exploring this place.
 F = Levels seen in this place.
 G = Mean time per level.
                   A        B        C        D        E       F      G
               +--------+--------+--------+--------+--------+-----+--------+
         Total |   3137 |   2955 |    182 |   1038 |   1232 |   5 |  627.4 |
       Dungeon |   3137 |   2955 |    182 |   1038 |   1232 |   5 |  627.4 |
               +--------+--------+--------+--------+--------+-----+--------+

Top non-repeatable levels by time:
     D:2: 808 daAuts
     D:1: 772 daAuts
     D:3: 681 daAuts
     D:5: 671 daAuts
     D:4: 204 daAuts
